 Dungeon Crawl Stone Soup version 0.17.0-1-g61d176b (console) character file.

45 gw the Magician (level 3, -1/27 HPs)
             Began as a Human Wizard on Nov 7, 2015.
             Was an Initiate of the Shining One.
             Slain by a gnoll (4 damage)
             ... on level 2 of the Dungeon.
             The game lasted 00:02:09 (2284 turns).

gw the Magician (Human Wizard)                      Turns: 2284, Time: 00:02:09

Health: -1/27      AC:  6    Str:  7    XL:     3   Next: 90%
Magic:  0/7        EV: 11    Int: 19    God:    the Shining One [......]
Gold:   104        SH:  0    Dex: 11    Spells: 1 memorised, 7 levels left

rFire  . . .     SeeInvis .     a - +0 short sword
rCold  . . .     Clarity  .     f - +0 leather armour
rNeg   . . .     SustAt   .     (no shield)
rPois  .         Gourm    .     b - +0 hat
rElec  .         Spirit   .     (no cloak)
rCorr  .         Warding  .     e - +2 pair of gloves
rMut   .         Stasis   .     (no boots)
MR     .....                    (no amulet)
Stlth  ++........               (no ring)
                                (no ring)

@: not resistant to hostile enchantments, unstealthy
A: no striking features
a: Renounce Religion


You were on level 2 of the Dungeon.
You worshipped the Shining One.
The Shining One was noncommittal.
You were not hungry.

You visited 1 branch of the dungeon, and saw 2 of its levels.

You collected 104 gold pieces.

Inventory:

Hand Weapons
 a - a +0 short sword (weapon)
Armour
 b - a +0 hat (worn)
 e - a +2 pair of gloves (worn)
 f - a +0 leather armour (worn)
Books
 c - a book of Minor Magic

   Spells                             Type                      Level
   a - Magic Dart                     Conjuration                  1
   b - Blink                          Translocation                2
   c - Call Imp                       Summoning                    2
   d - Repel Missiles                 Charms/Air                   2
   e - Slow                           Hexes                        2
   f - Conjure Flame                  Conjuration/Fire             3
   g - Mephitic Cloud                 Conjuration/Poison/Air       3
Comestibles
 d - 3 bread rations


   Skills:
 * Level 2.0 Fighting
 + Level 1.3 Armour
 - Level 2.0 Dodging
 - Level 2.0 Stealth
 + Level 3.3 Spellcasting
 - Level 1.0 Conjurations
   Level 1.0 Summonings
   Level 1.0 Translocations
 + Level 0.2 Invocations


You had 7 spell levels left.
You knew the following spells:

 Your Spells              Type           Power        Failure   Level  Hunger
a - Magic Dart            Conj           #...         17%         1    None


Dungeon Overview and Level Annotations

Branches:
Dungeon (2/15)

Altars:
Dithmenos
Kikubaaqudgha
The Shining One


Message History

The gnoll hits you.
Unknown command.
Unknown command.
Unknown command.
Unknown command.
FLEEEEING!
ATTACKING (1,0)
You barely miss the gnoll.
The gnoll is heavily wounded.
The gnoll closely misses you.
Unknown command.
Unknown command.
Unknown command.
Unknown command.
FLEEEEING!
ATTACKING (1,0)
You hit the gnoll but do no damage.
The gnoll is heavily wounded.
The gnoll hits you.
You die...

.#.###......# #...#
....#####.### #######.#.#
##........# #.......#.####
##.######## #.##....#....##
##%# #####.#..#######..#
...#
#######.....%.....#.....#
####
#.........#.####..#.###.####
.#
#.#####.#.#.####(.#%....%..#
.#
#.##..).#.#pg.g.(.%(!##..#.#
.#
#.##.####.#########(###..#.#
.#####.##.# #.# .~.~###.#.#
.##.......# #.# ##~.~g##.#.#
.##.##.##)## #.# .~g~##....#
.......##..## .# ##KK~g
##### .......##...# .g.g##
....%.......##### #~.~.###
.#..##.####.....# #.#


You could see a gnoll and a hobgoblin.

Table legend:
 A = Turns spent in this place as a percentage of turns spent in the entire game.
 B = Non-inter-level travel turns spent in this place as a percentage of non-inter-level travel turns spent in the entire game.
 C = Inter-level travel turns spent in this place as a percentage of turns spent in this place.
 D = Turns resting spent in this place as a percentage of non-inter-level travel turns spent in this place.
 E = Turns spent auto-exploring this place as a percentage of non-inter-level travel turns spent in this place.
 F = Non-inter-level travel turns spent in this place divided by the number of levels of this place that you've seen.
                   A       B       C       D       E      F
               +-------+-------+-------+-------+-------+----------------------
         Total | 100.0 | 100.0 |   0.3 |   3.3 |   2.8 | 1401.0
       Dungeon | 100.0 | 100.0 |   0.3 |   3.3 |   2.8 | 1401.0
               +-------+-------+-------+-------+-------+----------------------

Table legend:
 A = Kills in this place as a percentage of kills in entire the game.
 B = Kills by you in this place as a percentage of kills by you in the entire game.
 C = Kills by friends in this place as a percentage of kills by friends in the entire game.
 D = Other kills in this place as a percentage of other kills in the entire game.
 E = Experience gained in this place as a percentage of experience gained in the entire game.
 F = Experience gained in this place divided by the number of levels of this place that you have seen.
                   A       B       C       D       E      F
               +-------+-------+-------+-------+-------+----------------------
         Total | 100.0 | 100.0 |  -nan |  -nan | 100.0 |  32.5
       Dungeon | 100.0 | 100.0 |  -nan |  -nan | 100.0 |  32.5
               +-------+-------+-------+-------+-------+----------------------

Vanquished Creatures
  An ooze (D:2)
  A worm (D:2)
  A giant gecko (D:2)
  2 ball pythons (D:2)
  8 bats
  2 giant cockroaches
  5 goblins
  2 hobgoblins
  3 jackals (D:2)
  2 giant newts
  5 kobolds (D:2)
  5 rats
37 creatures vanquished.

Notes
Turn   | Place    | Note
--------------------------------------------------------------
     0 | D:1      | gw the Human Wizard began the quest for the Orb.
     0 | D:1      | Reached XP level 1. HP: 13/13 MP: 4/4
   405 | D:1      | Reached XP level 2. HP: 18/20 MP: 0/6
   520 | D:1      | Reached skill level 1 in Fighting
  1260 | D:2      | Found a faded altar to an unknown god.
  1336 | D:2      | Reached skill level 1 in Armour
  1449 | D:2      | Reached XP level 3. HP: 26/26 MP: 4/7
  1740 | D:2      | Found a glowing golden altar of the Shining One.
  1748 | D:2      | Became a worshipper of the Shining One
  1832 | D:2      | Found a shadowy altar of Dithmenos.
  1832 | D:2      | Found an ancient bone altar of Kikubaaqudgha.
  2284 | D:2      | Slain by a gnoll

Action                   || total
-------------------------++-------
Melee: Short sword       ||    35
 Cast: Magic Dart        ||    94
  Eat: Chunk             ||     4

Vault maps used:
D:1:      minmay_arrival_shattered_statue
D:2:      okawaru_altar_gauntlet_db, nicolae_overflow_crystal_walls,
          amethyst_overflow_temple_binary, ecumenical_altar_1, first_bread,
          kennysheep_doodads
